 Dungeon Crawl Stone Soup version 0.30.0-30-g96aa6591b8 (webtiles) character file.

Game seed: 15099366436741779621

172 BreadTh the Chiller (level 5, -1/35 HPs)
             Began as a Merfolk Ice Elementalist on June 27, 2023.
             Slain by a phantom (4 damage)
             ... in the Ecumenical Temple.
             The game lasted 00:11:12 (2761 turns).

BreadTh the Chiller (Merfolk Ice Elementalist)      Turns: 2761, Time: 00:11:13

Health: -1/35      AC:  8    Str: 15    XL:     5   Next: 53%
Magic:  1/8        EV: 12    Int: 16    God:
Gold:   81         SH:  0    Dex: 14    Spells: 1/8 levels left

rFire   . . .        r - +0 mace (protect)
rCold   . . .        (no shield)
rNeg    . . .        e - +1 leather armour
rPois   .            (no helmet)
rElec   .            (no cloak)
rCorr   .            (no gloves)
SInv    .            (no boots)
Will    .....        (no amulet)
Stlth   ++           s - +6 ring of strength
HPRegen 0.25/turn    (no ring)
MPRegen 0.11/turn

%: no passive effects
@: ice-armoured
A: (nimble swimmer 2), mertail
a: no special abilities


You were in the Ecumenical Temple.
You visited 2 branches of the dungeon, and saw 5 of its levels.

You collected 81 gold pieces.

Inventory:

Hand Weapons
 g - a +0 club
 i - a +3 spectral dagger
 l - a +2 dagger of venom
 r - a +0 mace of protection (weapon)
Missiles
 d - 28 stones
 u - 2 poisoned darts
Armour
 e - a +1 leather armour (worn)
 f - a +0 robe
Jewellery
 s - a +6 ring of strength (left hand)
Wands
 v - a wand of mindburst (12)
Scrolls
 a - a scroll of poison
 h - 3 scrolls of fear
 k - a scroll of teleportation
 p - 2 scrolls of fog
Potions
 b - a potion of magic
 c - a potion of invisibility
 j - a potion of curing
 m - a potion of heal wounds {unknown}
 n - a potion of berserk rage {unknown}
 o - a potion of resistance {unknown}
 q - 2 potions of flight {unknown}
 x - a potion of mutation {unknown}


   Skills:
 - Level 2.6 Dodging
 - Level 2.1 Stealth
 - Level 2.0 Spellcasting
 + Level 7.3 Ice Magic


You had one spell level left.
You knew the following spells:

 Your Spells              Type           Power      Damage    Failure   Level
a - Freeze                Ice            96%        1d10      1%          1
b - Frozen Ramparts       Ice            48%        1d8       3%          3
c - Ozocubu's Armour      Ice            24%        N/A       3%          3

Your spell library contained the following spells:

 Spells                   Type           Power      Damage    Failure   Level
 Summon Ice Beast         Ice/Summ       13%        N/A       50%         4


Dungeon Overview and Level Annotations

Branches:
Dungeon (4/15)             Temple (1/1) D:4

Altars:
Ashenzari
Dithmenos
Fedhas
Hepliaklqana
Kikubaaqudgha
Makhleb
Okawaru
Qazlal
Sif Muna
Vehumet
Wu Jian
The Shining One

Annotations:
D:3 !sigmund, Sigmund


Innate Abilities, Weirdness & Mutations

((You are very nimble when in or above water. (Stealth+, EV+, Speed+++)))
Your lower body shifts to a powerful aquatic tail in water.


Message History

The phantom hits you but does no damage.
You climb downwards.
Welcome to the Ecumenical Temple!
Found three altars.
There is a staircase back to the Dungeon here.
You hit the phantom.
Your weapon exudes an aura of protection.
The phantom is moderately damaged.
The phantom misses you. The phantom barely misses you.
You hit the phantom.
The phantom is moderately damaged.
The phantom closely misses you.
You closely miss the phantom.
The phantom is moderately damaged.
The phantom hits you but does no damage.
You barely miss the phantom.
The phantom is moderately damaged.
The phantom hits you.
The phantom blinks!
You blink.
Found six altars.
The phantom hits you but does no damage.
You barely miss the phantom.
The phantom is moderately damaged.
The phantom misses you.
You closely miss the phantom.
The phantom is moderately damaged.
The phantom barely misses you. The phantom hits you.
* * * LOW HITPOINT WARNING * * *
The phantom blinks!
You blink.
Found three altars.
Casting: Freeze (safe; 1% risk of failure)
Confirm with . or Enter, or press ? or * to list all spells.
Okay, then.
Casting: Freeze (safe; 1% risk of failure)
Confirm with . or Enter, or press ? or * to list all spells.
A film of ice covers your body! The phantom closely misses you.
You closely miss the phantom.
The phantom is moderately damaged.
The phantom hits you.
* * * LOW HITPOINT WARNING * * *
You barely miss the phantom.
The phantom is moderately damaged.
The phantom hits you.
You die...

#.#.#.#.#.#.#.#
...... ..
####...####
#.........#
#.........#
#.........#
#8._._._.8#
#.........#
#......@W.#
#.._._._..#
#.........#
#.........#
#.._._._..#
#.........#
#.........#
#.._._._..#


You could see a phantom.

Vanquished Creatures
  A jelly (D:4)
  2 orc wizards
  2 adders (D:2)
  A dart slug (D:1)
  7 orcs
  5 ball pythons
  5 bats
  7 endoplasms
  3 giant cockroaches
  6 goblins
  6 hobgoblins
  3 jackals (D:1)
  2 quokkas (D:2)
  7 frilled lizards
  6 kobolds
  4 rats
67 creatures vanquished.

Notes
Turn   | Place    | Note
-------+----------+-------------------------------------------
     0 | D:1      | BreadTh the Merfolk Ice Elementalist began the quest for
                  | the Orb.
     0 | D:1      | Reached XP level 1. HP: 13/13 MP: 3/3
   231 | D:1      | Reached XP level 2. HP: 19/19 MP: 3/5
   264 | D:1      | Found a faded altar of an unknown god.
   264 | D:1      | Noticed a soul eater
   315 | D:1      | Reached skill level 5 in Ice Magic
   597 | D:1      | Reached XP level 3. HP: 24/24 MP: 1/6
  1353 | D:2      | Learned a level 3 spell: Frozen Ramparts
  1541 | D:2      | Reached skill level 6 in Ice Magic
  1561 | D:2      | Reached XP level 4. HP: 25/30 MP: 4/7
  2103 | D:3      | Noticed Sigmund
  2167 | D:4      | Learned a level 3 spell: Ozocubu's Armour
  2203 | D:4      | Reached skill level 7 in Ice Magic
  2203 | D:4      | Reached XP level 5. HP: 10/35 MP: 0/8
  2603 | D:4      | Found Higoacab's Antique Weapon Boutique.
  2729 | D:4      | Noticed a phantom
  2741 | D:4      | Found a staircase to the Ecumenical Temple.
  2752 | Temple   | Entered the Ecumenical Temple
  2761 | Temple   | Slain by a phantom

Illustrated notes

Levels and vault maps discovered:
D:1:      amcnicky_arrival_gap_in_the_tavern_cellar, layout_loops_ring,
          dreamdust_ecumenical_altar_sealed_demon
D:2:      layout_loops_cross
D:3:      layout_rooms, uniq_natasha, uniq_sigmund, uniq_terence
D:4:      layout_cave_pools, minmay_temple_entry_overgrown, serial_shops,
          nicolae_shop_crystal, kennysheep_generic_room_9
Temple:   lightli_temple_of_artemis

Skill      XL: |  1  2  3  4 |
---------------+-------------+-----
Ice Magic      | 5 6 7 |  7.3
Dodging        | |  2.6
Stealth        | |  2.1
Spellcasting   | |  2.0

Action                     |  1- 3 |  4- 6 || total
---------------------------+-------+-------++-------
  Melee: Unarmed           |     6 |       ||     6
         Dagger            |    15 |     9 ||    24
         Club              |     1 |       ||     1
         Punch             |     1 |       ||     1
         Mace              |       |    17 ||    17
   Cast: Freeze            |    51 |    41 ||    92
         Ozocubu's Armour  |       |     1 ||     1
         Frozen Ramparts   |       |     1 ||     1
    Use: Scroll            |     1 |    10 ||    11
   Stab: Sleeping          |     4 |     2 ||     6
 Armour: Leather armour    |    14 |    19 ||    33
  Dodge: Dodged            |    26 |    24 ||    50
